cohdb
Replays
Latest Replays
All Replays
Popular Replays
Top Player Replays
Match Explorer
How It Works
Community
CoH3 Stats
Reddit
Sign in to upload your games and track your stats! →
Sign in with Steam
Match 25435527
Unlisted
Match 25435527
Overview
Messages
Build Orders
End
Construct Weapon Support Center
Selects Armored Battlegroup
Selects Assault Engineers
Assault Engineer Squad
M1919 Machine Gun Team
Bazooka Squad
Selects Strength in Steel
Assault Engineer Squad
Mechanized Support Center
M1919 Machine Gun Team
Assault Engineer Squad
Construct Tank Depot
M4A1 76mm Conversion
Selects Field Repairs
Assault Engineer Squad
Improvised Armor
M4A1(76) Sherman Medium Tank
Selects War Machine
M1919 Machine Gun Team
Assault Engineer Squad
Assault Engineer Squad
M4A1(76) Sherman Medium Tank
Assault Engineer Squad
M1919 Machine Gun Team
Selects Seek and Destroy
M4(105) Sherman Bulldozer
M4(105) Sherman Bulldozer
Ware0193
Redback
FFozzii
UH|BluEskY
UH|dun! ツ
UH|ck
0
0
Comments
sign in to comment!
No comments posted yet!